Map: Orbital Shipyard

Players

ghindo - Winner!

  • Race: Terran Terran
  • League: Gold

Javert

  • Race: Zerg Zerg
  • League: Gold

VOD

Have the link to the VOD?

Description

Time

  • Played on: Sept. 5, 2015, 10:01 p.m.
  • Length: 10:22
Show
View Real Time Build Order
Export as new Build Order

ghindo Terran - Winner!

Build Orders: Reaper Expand 

Get SALT Encoding   

  12  0:02  SCV  
  13  0:38  Command Center  
  13  0:50  SCV, Supply Depot  
  14  1:02  SCV  
  15  1:12  Barracks  
  15  1:14  SCV  
  16  1:18  Refinery  
  16  1:26  SCV  
  17  1:38  SCV  
  18  1:50  SCV  
  19  1:59  Orbital Command  
  19  2:02  Reaper  
  19  2:03  Orbital Command  
  19  2:07  Supply Depot  
  20  2:27  SCV  
  21  2:30  SCV  
  22  2:38  Marine  
  22  2:39  SCV  
  22  2:40  Factory  
  22  2:42  SCV  
  26  2:51  SCV  
  26  2:55  SCV  
  27  3:03  SCV  
  28  3:06  Barracks Reactor  
  28  3:08  SCV  
  29  3:15  SCV  
  29  3:17  Barracks  
  29  3:18  Barracks  
  30  3:20  SCV  
  30  3:38  Hellion  
  30  3:41  SCV x2  
  27  3:44  Marine x2  
  26  3:53  Supply Depot  
  26  3:55  SCV x2  
  22  3:59  Hellion  
  20  4:07  SCV x2  
  20  4:09  Marine x2  
  23  4:26  Widow Mine  
  23  4:31  Marine x2  
  27  4:42  SCV x2  
  29  4:48  Marine  
  29  4:49  Marine  
  31  4:55  Hellion  
  29  5:08  SCV x2  
  29  5:10  Marine  
  29  5:11  Marine  
  33  5:16  Barracks Tech Lab  
  33  5:20  SCV x2  
  35  5:25  Supply Depot  
  35  5:27  Engineering Bay  
  35  5:32  SCV  
  35  5:33  SCV  
  37  5:35  Command Center  
  37  5:37  Combat Shields  
  37  5:39  Factory Tech Lab  
  37  5:40  Barracks Reactor  
  34  5:55  SCV x2  
  34  5:56  Marine x3  
  38  6:14  Marine x3  
  39  6:23  Marine x2  
  39  6:24  Hellion  
  43  6:29  SCV x2  
  43  6:31  Marine  
  43  6:36  Marine x2  
  43  6:40  Marine  
  43  6:41  SCV x2, Refinery, Marine  
  43  6:45  Widow Mine  
  49  6:51  Marine  
  49  6:52  Orbital Command  
  49  6:53  SCV x2  
  52  6:54  Marine x2  
  52  6:58  Marine x2  
  56  7:05  SCV x2  
  57  7:09  Marine  
  57  7:12  Marine x2  
  57  7:14  Starport  
  59  7:16  Marine x2  
  59  7:17  SCV x2  
  63  7:27  SCV, Marine  
  63  7:28  Terran Infantry Weapons Level 1  
  63  7:29  SCV x2  
  67  7:30  Refinery, Marine x2  
  67  7:32  Supply Depot, Refinery  
  67  7:33  Supply Depot x2  
  67  7:34  Marine x2  
  69  7:37  Orbital Command  
  69  7:53  Marine  
  69  7:54  SCV x2  
  66  8:13  Marine  
  66  8:14  Marine  
  64  8:26  Widow Mine, Marine x3  
  67  8:29  SCV x3  
  67  8:31  Marine x2  
  73  8:41  SCV x3  
  73  8:43  Marine  
  73  8:44  Marine x2  
  76  8:49  Marine x2  
  76  8:52  Armory  
  76  8:53  SCV  
  76  8:54  SCV x2  
  76  8:55  Engineering Bay, Widow Mine  
  81  8:58  Supply Depot  
  81  8:59  Supply Depot x2  
  81  9:01  Marine  
  81  9:02  Marine, Marauder  
  87  9:05  SCV  
  87  9:06  SCV x2  
  87  9:07  Marine x2  
  88  9:13  Barracks  
  88  9:15  Barracks, Starport Reactor  
  88  9:17  Barracks  
  88  9:19  Marine  
  88  9:20  Marine  
  88  9:23  Marine  
  91  9:25  Marine x2  
  91  9:26  Widow Mine  
  87  9:36  Missile Turret  
  87  9:37  Marine  
  87  9:38  Refinery, Marine  
  89  9:39  Refinery, Missile Turret  
  89  9:41  Marauder  
  87  9:55  Marine  
  87  9:56  Marine x2  
  87  9:59  Marine  
  96  10:02  SCV x2  
  96  10:03  SCV  
  97  10:14  Barracks Reactor  
  97  10:15  Barracks Reactor, Barracks Tech Lab  
Show
View Real Time Build Order
Export as new Build Order

Javert Zerg 

Build Orders: Pool First, Zergling Baneling 

Get SALT Encoding   

  12  0:01  Drone  
  13  0:09  Drone  
  13  0:13  Extractor  
  13  0:16  Drone  
  14  0:34  Spawning Pool  
  13  0:38  Drone  
  14  0:45  Overlord  
  14  0:52  Drone, Extractor  
  15  1:04  Overlord  
  15  1:20  Metabolic Boost  
  15  1:23  Queen  
  17  1:38  Baneling Nest  
  16  1:41  Zergling x4  
  16  1:44  Zergling x2  
  19  1:59  Zergling x2  
  20  2:06  Zergling x2  
  21  2:15  Zergling x2  
  22  2:25  Zergling x2  
  23  2:55  Zergling x6  
  26  3:00  Hatchery  
  24  3:07  Baneling x9  
  24  3:10  Zergling x2  
  25  3:18  Zergling x2  
  23  3:40  Zergling x10  
  24  4:01  Zergling x4  
  24  4:21  Drone x4  
  27  4:31  Drone  
  27  4:34  Drone x2  
  29  4:48  Drone  
  28  5:02  Drone  
  28  5:03  Drone x5  
  34  5:18  Overlord x2  
  34  5:19  Extractor  
  34  5:20  Extractor  
  33  5:35  Zergling x2  
  33  5:36  Zergling x4  
  26  5:56  Zergling x12  
  29  6:01  Spine Crawler  
  23  6:25  Drone x2  
  23  6:26  Drone x5  
  25  6:35  Drone  
  26  6:50  Drone x5  
  31  7:02  Hatchery  
  31  7:08  Zergling x6  
  27  7:11  Zergling x2  
  29  7:18  Zergling x6  
  32  7:27  Zergling x6  
  35  7:32  Queen  
  37  7:42  Drone  
  36  7:53  Baneling x2  
  36  7:56  Zergling x2  
  36  7:57  Zergling x10  
  28  8:27  Zergling x2  
  28  8:28  Zergling x10  
  30  8:38  Zergling x4  
  28  8:45  Zergling x14  
  35  8:50  Drone  
  35  8:52  Lair  
  33  9:09  Baneling x10  
  32  9:16  Zergling x8  
  32  9:17  Zergling x2  
  33  9:31  Zergling x2  
  33  9:32  Zergling x8  
  38  9:41  Drone x2  
  39  9:51  Drone x2  
  41  10:01  Drone  
Tags
 
Add a new tag
Caveats
  • Supply blocks, unpowered buildings, or Contaminate may cause inaccurate times.
  • Supply counts are checked every 10 seconds.